 Dungeon Sprint DCSS version 0.21.1-1-g345015f (webtiles) character file.

339 Fang the Cleaver (level 6, -8/67 HPs)
             Began as a Gargoyle Berserker on June 28, 2018.
             Was an Elder of Trog.
             Mangled by Prince Ribbit (11 damage)
             ... in the Dungeon (Sprint VII: "The Pits").
             The game lasted 00:00:54 (249 turns).

Fang the Cleaver (Gargoyle Berserker)                Turns: 249, Time: 00:00:54

Health: -8/67      AC:  6    Str: 28    XL:     6   Next: 55%
Magic:  6/6        EV: 13    Int:  7    God:    Trog [****..]
Gold:   0          SH:  0    Dex:  9    Spells: 5/5 levels left

rFire    . . .     SeeInvis .   m - +1 hand axe (freeze)
rCold    . . .     Gourm    .   (no shield)
rNeg     + . .     Faith    .   b - +0 animal skin
rPois    ∞         Spirit   .   (no helmet)
rElec    +         Reflect  .   (no cloak)
rCorr    .         Harm     .   (no gloves)
MR       .....     NoTele   +   (no boots)
Stlth    ..........             (no amulet)
HPRegen  0.21/turn              (no ring)
MPRegen  0.10/turn              (no ring)

@: berserking (expiring), very quick
A: negative energy resistance 1, electricity resistance, unbreathing,
petrification resistance, rot immunity, AC +4
a: Berserk, Trog's Hand, Brothers in Arms, Burn Spellbooks, Renounce Religion


You were in the Dungeon.
You worshipped Trog.
Trog was greatly pleased with you.
You were not hungry.

You visited 1 branch

Inventory:

Hand Weapons
 j - a +2 hand axe
 m - a +1 hand axe of freezing (weapon)
Armour
 b - a +0 animal skin (worn)
Scrolls
 i - a scroll of blinking
 k - 3 scrolls of remove curse
 l - a scroll of summoning
Potions
 a - 2 potions of invisibility
 d - 6 potions of curing
 e - 6 potions of heal wounds
 f - a potion of haste
 g - 4 potions of magic
 h - 3 potions of berserk rage
Comestibles
 c - 9 rations


   Skills:
 + Level 8.8 Fighting
 + Level 8.9 Axes
 + Level 4.6 Armour
 + Level 4.6 Dodging


You had 5 spell levels left.
You didn't know any spells.

Dungeon Overview and Level Annotations

Branches:
Dungeon (1/1)

Altars:
Cheibriados
Dithmenos
Elyvilon
Fedhas
Gozag
Hepliaklqana
Makhleb
Nemelex Xobeh
Okawaru
Qazlal
Ru
Sif Muna
Trog
Vehumet
Wu Jian
Xom
Yredelemnul
Zin
The Shining One
Beogh
Jiyva
Lugonu

Annotations:
D Edmund, Prince Ribbit


Innate Abilities, Weirdness & Mutations

You are resistant to torment.
Your stone body is resilient. (AC +4)
You are immune to poison.
You resist negative energy. (rN+)
You are resistant to electric shocks. (rElec)
You can survive without breathing.
You are immune to petrification.
You are immune to rotting.


Message History

The wolf misses you.
The ufetubus hits you but does no damage. x2
The necrophage hits you.
* * * LOW HITPOINT WARNING * * *
You hit the ufetubus.
The ufetubus is severely wounded.
You slash the wolf! You freeze the wolf.
You kill the wolf!
Trog accepts your kill.
You can now call in reinforcements.
You hit the necrophage. You freeze the necrophage. The ufetubus hits you.
* * * LOW HITPOINT WARNING * * *
The ufetubus barely misses you.
You barely miss the ufetubus.
The ufetubus is severely wounded.
You slash Prince Ribbit!
Prince Ribbit seems to slow down.
You freeze Prince Ribbit. You barely miss the necrophage.
The ufetubus hits you but does no damage.
The ufetubus closely misses you. The necrophage barely misses you.
Prince Ribbit hits you!
You die...

#.#...†.#))#####'##
#.###'###).##......
#.#.....#))##......
#.#.....#[[##......
#.####'##'###...<..
#.#...†....##......
#.#...†....##......
#'###########......
#.@# #######
#n5F....# ##.#.#.##
.@.... #.#.#.#
.......# #.# #..+
### ###


You could see Edmund, Prince Ribbit, a necrophage and an ufetubus.

Vanquished Creatures
  A fire bat (D)
  A floating eye (D)
  A wolf (D)
  An ufetubus (D)
  3 giant cockroaches (D)
  A goblin (D)
  2 quokkas (D)
  A frilled lizard (D)
11 creatures vanquished.

Notes
Turn   | Place    | Note
-------+----------+-------------------------------------------
     0 | D        | Fang the Gargoyle Berserker began the quest for the Orb.
     0 | D        | Reached XP level 1. HP: 14/14 MP: 1/1
    24 | D        | Found a bloodstained altar of Trog.
    24 | D        | Found a deep blue altar of Sif Muna.
    24 | D        | Found a viscous altar of Jiyva.
    24 | D        | Found a hazy altar of Hepliaklqana.
    24 | D        | Found an opulent altar of Gozag.
    25 | D        | Found a glowing golden altar of the Shining One.
    25 | D        | Found a glowing silver altar of Zin.
    25 | D        | Found a basalt altar of Yredelemnul.
    25 | D        | Found a shimmering altar of Xom.
    25 | D        | Found an ornate altar of the Wu Jian Council.
    25 | D        | Found a sacrificial altar of Ru.
    25 | D        | Found a stormy altar of Qazlal.
    25 | D        | Found an iron altar of Okawaru.
    25 | D        | Found a sparkling altar of Nemelex Xobeh.
    25 | D        | Found a burning altar of Makhleb.
    25 | D        | Found a blossoming altar of Fedhas.
    25 | D        | Found a white marble altar of Elyvilon.
    25 | D        | Found a shadowy altar of Dithmenos.
    25 | D        | Found a snail-covered altar of Cheibriados.
    27 | D        | Found a radiant altar of Vehumet.
    27 | D        | Found a corrupted altar of Lugonu.
    27 | D        | Found a roughly hewn altar of Beogh.
    67 | D        | Noticed a floating eye
    70 | D        | Paralysed by a floating eye for 4 turns
    75 | D        | Killed a floating eye
    75 | D        | Reached XP level 2. HP: 22/23 MP: 2/2
    75 | D        | Reached XP level 3. HP: 28/28 MP: 3/3
    75 | D        | Reached XP level 4. HP: 32/32 MP: 4/4
    76 | D        | Reached ** piety under Trog
   177 | D        | Reached *** piety under Trog
   177 | D        | Reached XP level 5. HP: 36/37 MP: 5/5
   236 | D        | Noticed a fire bat
   238 | D        | Noticed Prince Ribbit
   238 | D        | Noticed a necrophage
   241 | D        | Noticed a wolf
   244 | D        | Noticed Edmund
   246 | D        | Killed a fire bat
   246 | D        | Reached XP level 6. HP: 12/44 MP: 6/6
   248 | D        | Reached **** piety under Trog
   248 | D        | HP: 3/67 [ufetubus (1)]
   249 | D        | Mangled by Prince Ribbit

Skill      XL: |  1  2  3  4  5 |
---------------+----------------+-----
Fighting       | 6 8 |  8.8
Axes           | 6 8 |  8.9
Armour         | 3 4 |  4.6
Dodging        | 3 4 |  4.6

Action                   |  1- 3 |  4- 6 || total
-------------------------+-------+-------++-------
Melee: Hand axe          |     7 |    20 ||    27
Invok: Berserk           |     1 |     1 ||     2
Armor: Animal skin       |     4 |    10 ||    14
Dodge: Dodged            |     4 |    25 ||    29
